 Dungeon Crawl Stone Soup version 0.22-a0-396-g3f858e3 (webtiles) character file.

562 Borgoz the Cudgeler (level 7, -2/41 HPs)
             Began as a Gargoyle Gladiator on May 3, 2018.
             Slain by a wyvern (16 damage)
             ... on level 5 of the Dungeon.
             The game lasted 00:06:23 (2542 turns).

Borgoz the Cudgeler (Gargoyle Gladiator)            Turns: 2542, Time: 00:06:23

Health: -2/41      AC:  9    Str: 19 (22) XL:     7   Next: 32%
Magic:  7/7        EV: 13    Int:  8 (9)  God:
Gold:   268        SH:  0    Dex: 13      Spells: 6/6 levels left

rFire    . . .     SeeInvis .   B - +2 flail (drain)
rCold    . . .     Gourm    .   (no shield)
rNeg     + + .     Faith    .   b - +0 leather armour
rPois    ∞         Spirit   .   c - +0 helmet
rElec    +         Reflect  .   (no cloak)
rCorr    .         Harm     .   (no gloves)
MR       .....                  (no boots)
Stlth    +.........             (no amulet)
HPRegen  0.13/turn              e - +5 ring of strength
MPRegen  0.10/turn              h - ring of positive energy

@: no status effects
A: negative energy resistance 1, electricity resistance, unbreathing,
petrification resistance, rot immunity, AC +4
a: no special abilities


You were on level 5 of the Dungeon.
You were hungry.

You visited 1 branch of the dungeon, and saw 5 of its levels.

You collected 268 gold pieces.

Inventory:

Hand Weapons
 B - a +2 flail of draining (weapon)
Missiles
 d - 4 throwing nets (quivered)
Armour
 b - a +0 leather armour (worn)
 c - a +0 helmet (worn)
Jewellery
 e - a +5 ring of strength (left hand)
 h - a ring of positive energy (right hand)
 m - a +1 ring of evasion
 x - an uncursed amulet of magic regeneration
Wands
 a - a wand of polymorph (21)
 k - a wand of random effects (25)
 C - a wand of iceblast (5)
Scrolls
 g - 4 scrolls of teleportation
 i - 2 scrolls of immolation
 j - a scroll of fear {unknown}
 l - 2 scrolls of blinking {unknown}
 r - 2 scrolls of amnesia {unknown}
 s - a scroll of enchant armour {unknown}
 t - 2 scrolls of fog {unknown}
 y - a scroll of remove curse {unknown}
 z - a scroll of magic mapping {unknown}
Potions
 n - a potion of heal wounds
 o - a potion of agility
 q - 3 potions of curing
 u - a potion of haste
 v - a potion of ambrosia
Comestibles
 f - 8 rations


   Skills:
 + Level 3.6 Fighting
 + Level 6.1 Maces & Flails
 - Level 1.7 Throwing
 + Level 2.4 Armour
 + Level 4.0 Dodging


You had 6 spell levels left.
You didn't know any spells.

Dungeon Overview and Level Annotations

Branches:
Dungeon (4/15)
 Temple: D:4-7

Altars:
Makhleb

Annotations:
D:4 1 runed door


Innate Abilities, Weirdness & Mutations

You are resistant to torment.
Your stone body is resilient. (AC +4)
You are immune to poison.
You resist negative energy. (rN+)
You are resistant to electric shocks. (rElec)
You can survive without breathing.
You are immune to petrification.
You are immune to rotting.


Message History

The worker ant bites you but does no damage.
You sock the worker ant!
You kill the worker ant!
You feel your dexterity returning.
Your Dodging skill increases to level 4!
The wyvern bites you but does no damage.
You sock the wyvern!
The wyvern is heavily wounded.
The wyvern closely misses you. The wyvern bites you!
You sock the wyvern!
The wyvern is severely wounded.
The wyvern barely misses you.
You completely miss the wyvern.
The wyvern is severely wounded.
The wyvern bites you but does no damage.
The wyvern bites you!
You closely miss the wyvern.
The wyvern is severely wounded.
The wyvern bites you!
You die...

#........#
#.....>..#
#........#
#....<...# .
#.?......##.#
#...........#
#....l...####
#....@†.?>...
##...#.######
#.....#
#...### #..##
#..# #..#
#..# ####


You could see a wyvern.

Vanquished Creatures
  Duvessa (D:4)
  Dowan (D:4)
  A howler monkey (D:4)
  A hound (D:4)
  An orc priest (D:4)
  2 orc wizards (D:4)
  A worker ant (D:5)
  13 adders
  An adder skeleton (D:4)
  2 worms
  A dart slug (D:1)
  2 leopard geckos
  6 orcs
  7 bats
  6 giant cockroaches
  7 goblins
  10 hobgoblins
  2 jackals (D:3)
  A quokka (D:2)
  8 frilled lizards
  9 kobolds
  A leopard gecko skeleton (D:4)
  9 rats
93 creatures vanquished.

Notes
Turn   | Place    | Note
-------+----------+-------------------------------------------
     0 | D:1      | Borgoz the Gargoyle Gladiator began the quest for the Orb.
     0 | D:1      | Reached XP level 1. HP: 12/12 MP: 1/1
    75 | D:1      | Reached XP level 2. HP: 14/17 MP: 2/2
   368 | D:1      | Reached XP level 3. HP: 21/21 MP: 3/3
   502 | D:2      | Reached skill level 4 in Maces & Flails
   593 | D:2      | Reached XP level 4. HP: 20/26 MP: 4/4
   617 | D:2      | Reached skill level 1 in Armour
  1050 | D:2      | Reached XP level 5. HP: 30/31 MP: 5/5
  1309 | D:3      | Reached skill level 5 in Maces & Flails
  1456 | D:3      | Found a burning altar of Makhleb.
  1881 | D:4      | Reached XP level 6. HP: 23/37 MP: 6/6
  1975 | D:4      | Noticed Duvessa
  1980 | D:4      | Noticed Dowan
  1998 | D:4      | Killed Duvessa
  2013 | D:4      | Killed Dowan
  2013 | D:4      | Reached XP level 7. HP: 21/41 MP: 7/7
  2076 | D:4      | Reached skill level 6 in Maces & Flails
  2495 | D:4      | Found a runed door.
  2531 | D:4      | You fall through a shaft!
  2531 | D:5      | Entered Level 5 of the Dungeon
  2535 | D:5      | Noticed a wyvern
  2542 | D:5      | Slain by a wyvern

Vault maps used:
D:1:      moated_graveyard_arrival
D:2:      kennysheep_generic_room_6
D:3:      lemuel_round_altar, first_ration, hangedman_abyss_or_decor_lesser_grid
D:4:      lemuel_zombie_altar_yredelemnul, grunt_ministairs_8,
          uniq_crazy_yiuf_cottage, uniq_duvessa, uniq_natasha
D:5:      serial_shops, shop

Skill      XL: |  1  2  3  4  5  6  7 |
---------------+----------------------+-----
Maces & Flails | 4 5 6 |  6.1
Armour         | 1 2 |  2.4
Dodging        | 3 4 |  4.0
Fighting       | 3 |  3.6
Throwing       | |  1.7

Action                   |  1- 3 |  4- 6 |  7- 9 || total
-------------------------+-------+-------+-------++-------
Melee: Flail             |    87 |   222 |    19 ||   328
  Use: Potion            |       |     3 |       ||     3
       Scroll            |       |       |     6 ||     6
  Eat: Chunk             |       |     4 |     1 ||     5
Armor: Leather armour    |    44 |    97 |     6 ||   147
       Skin              |       |    60 |     2 ||    62
Dodge: Dodged            |    74 |   178 |     5 ||   257

Table legend:
 A = Spawn XP
 B = Non-spawn XP
 C = Spawn XP percentage of total XP
 D = Spawn monster count
 E = Non-spawn monster count
 F = Spawn count percentage of total count
 G = Total turns spent on level
                    A         B        C        D         E        F      G
               +---------+---------+-------+---------+---------+-------+---------
         Total |       0 |     804 |   0.0 |       0 |      93 |   0.0 |  2542
               +---------+---------+-------+---------+---------+-------+---------
           D:1 |       0 |      38 |   0.0 |       0 |      25 |   0.0 |   486
           D:2 |       0 |     149 |   0.0 |       0 |      31 |   0.0 |   754
           D:3 |       0 |     104 |   0.0 |       0 |      22 |   0.0 |   613
           D:4 |       0 |     479 |   0.0 |       0 |      14 |   0.0 |   678
           D:5 |       0 |      34 |   0.0 |       0 |       1 |   0.0 |    11
               +---------+---------+-------+---------+---------+-------+---------
